 Dungeon Crawl Stone Soup version 0.30-a0-1103-g25895a7845 (webtiles) character file.

Game seed: 14631189240438394585

7449 Maxmaps the Protected (level 10, -1/71 HPs)
             Began as a Demonspawn Monk on Apr 18, 2023.
             Was an Initiate of Gozag.
             Slain by a two-headed ogre
             ... wielding a +0 giant spiked club
              (17 damage)
             ... on level 9 of the Dungeon.
             The game lasted 00:17:06 (9725 turns).

Maxmaps the Protected (Demonspawn Monk)             Turns: 9725, Time: 00:17:07

Health: -1/71      AC: 26    Str: 20    XL:     10   Next: 93%
Magic:  0/10       EV: 13    Int: 15    God:    Gozag
Gold:   472        SH:  5    Dex: 17    Spells: 9/9 levels left

rFire   . . .      SeeInvis .    y - +7 long sword of Fortitude {heavy, rF- rC+ Str+3}
rCold   + + .      Faith    .    r - +0 buckler
rNeg    . . .      Spirit   +    g - +0 plate armour
rPois   .          Reflect  .    x - +1 hat
rElec   .          Rampage  .    w - +1 cloak
rCorr   .                        (no gloves)
Will    .....                    J - +2 pair of boots {rF+} Stlth
                                 m - amulet of guardian spirit
HPRegen 0.31/turn                H - ring of protection from cold
MPRegen 0.12/turn                I - +6 ring of strength

@: agile
A: slimy green scales 2, powered by pain 2
a: Renounce Religion, Potion Petition, Call Merchant, Bribe Branch


You were on level 9 of the Dungeon.
You worshipped Gozag.
Gozag was aware of your devotion.
You visited 2 branches of the dungeon, and saw 10 of its levels.

You collected 1318 gold pieces.
You spent 279 gold pieces at shops.
You paid 567 gold pieces to Gozag.

Inventory:

Hand Weapons
 k - a +2 scimitar of flaming
 y - the +7 long sword of Fortitude (weapon) {heavy, rF- rC+ Str+3}
   (You found it on level 3 of the Dungeon)

   Str:       It affects your strength (+3).
   rF:        It makes you vulnerable to fire.
   rC:        It protects you from cold.
Missiles
 e - 3 throwing nets (quivered)
Armour
 c - an orb of light
 g - a +0 plate armour (worn)
 r - a +0 buckler (worn)
 w - a +1 cloak (worn)
 x - a +1 hat (worn)
 J - a +2 pair of boots of fire resistance (worn)
Jewellery
 j - a +6 ring of dexterity
 m - an amulet of guardian spirit (around neck)
 H - a ring of protection from cold (left hand)
 I - a +6 ring of strength (right hand)
Wands
 b - a wand of mindburst (10)
 s - a wand of flame (17)
 E - a wand of roots (10)
Scrolls
 h - 2 scrolls of vulnerability
 n - 2 scrolls of fog
 t - a scroll of noise
 F - 2 scrolls of amnesia
 G - 2 scrolls of immolation
Potions
 a - a potion of mutation
 d - 6 potions of brilliance
 l - a potion of degeneration {unknown}
 o - 2 potions of resistance
 p - a potion of attraction
 q - a potion of invisibility
 u - 4 potions of curing
 v - a potion of might
 A - a potion of cancellation {unknown}
 B - 3 potions of lignification
 C - a potion of heal wounds {unknown}
 K - a potion of ambrosia


   Skills:
 + Level 3.9 Fighting
 - Level 14.2 Armour
 - Level 3.0 Dodging
 - Level 4.2 Shields
 - Level 3.0 Unarmed Combat


You had 9 spell levels left.
You didn't know any spells.
Your spell library contained the following spells:

 Spells                   Type           Power      Damage    Failure   Level
 Shock                    Conj/Air       0%         1d3       99%         1
 Blink                    Tloc           0%         N/A       100%        2
 Ozocubu's Armour         Ice            0%         N/A       100%        3
 Swiftness                Air            0%         N/A       100%        3
 Tukima's Dance           Hex            0%         N/A       100%        3
 Airstrike                Air            0%         2d(0-16)  100%        4
 Manifold Assault         Tloc           0%         N/A       100%        4
 Passage of Golubria      Tloc           0%         N/A       100%        4
 Yara's Violent Unravell  Hex/Tmut       0%         3d3       100%        5
 Ozocubu's Refrigeration  Ice            0%         4d7       100%        7
 Storm Form               Tmut/Air       0%         N/A       100%        7


Dungeon Overview and Level Annotations

Branches:
Dungeon (9/15)             Temple (1/1) D:5            Lair (0/5) D:8
    Orc (0/2) D:9

Altars:
Ashenzari
Cheibriados
Dithmenos
Fedhas
Gozag
Hepliaklqana
Kikubaaqudgha
Makhleb
Nemelex Xobeh
Okawaru
Qazlal
Ru
Sif Muna
Trog
Uskayaw
Vehumet
Yredelemnul

Shops:
D:6 *


Innate Abilities, Weirdness & Mutations

You are mostly covered in slimy green scales. (AC +3)
You sometimes gain power by taking damage.


Message History

You see here a +0 short sword.
Found 8 stones.
Found a stone staircase leading down.
You see here 8 stones.
Found a great mace.
Found a staircase to the Orcish Mines.
Found a stone staircase leading up.
There is a stone staircase leading up here.
There is a stone staircase leading down here.
A two-headed ogre comes into view.
It is wielding a +0 giant spiked club and a +0 giant club.
Found 8 gold pieces.
The two-headed ogre shouts in stereo!
You hear a shout! x2
A two-headed ogre is nearby!
A two-headed ogre is nearby!
You slash the two-headed ogre!
The two-headed ogre is moderately wounded.
You block the two-headed ogre's attack. The two-headed ogre closely misses you.
You hit the two-headed ogre.
The two-headed ogre is moderately wounded.
The two-headed ogre hits you with a +0 giant spiked club!
The two-headed ogre barely misses you. You block the two-headed ogre's attack.
The two-headed ogre hits you but does no damage.
You slash the two-headed ogre!
The two-headed ogre is heavily wounded.
The two-headed ogre barely misses you.
The two-headed ogre hits you with a +0 giant club!!
You barely miss the two-headed ogre.
The two-headed ogre is heavily wounded.
The two-headed ogre hits you with a +0 giant spiked club!!
You focus on the pain.
You feel agile all of a sudden.
The two-headed ogre hits you with a +0 giant club!
You slice the two-headed ogre!!
The two-headed ogre is almost dead.
The two-headed ogre hits you with a +0 giant spiked club!
* * * LOW HITPOINT WARNING * * *
The two-headed ogre barely misses you.
The two-headed ogre hits you with a +0 giant spiked club!!
You die...
Your body crumbles into a pile of gold.

#.........##.#.#
$
############.#.#
$ $ #.#.# #.#.#
#.#.# #.#.#
#.#.# #.# #@# $
#O# #+##
######### #.#
...##...##..)
#.# #.#.#.#.#.##
#.# #.+.#.#.'...
........#
#.#..#..#.#.
........#
°°.##.#.##...
.....#..# ####
#########
.....#...


You could see a two-headed ogre.

Vanquished Creatures
  Harold (D:9)
  Erica (D:8)
  A two-headed ogre (D:8)
  Amaemon (D:8)
  Joseph (D:7)
  An orange demon (D:8)
  Psyche (D:8)
  A troll (D:9)
  Prince Ribbit (D:8)
  A spriggan (D:8)
  A wraith (D:9)
  2 steam dragons
  4 orc warriors
  3 ice beasts (D:6)
  A sky beast (D:7)
  3 centaurs
  A kobold brigand (D:8)
  4 bullfrogs
  3 gnoll sergeants
  6 scorpions
  3 wights
  A killer bee (D:9)
  4 howler monkeys
  4 hounds
  2 quasits (D:6)
  2 gnoll boudas
  A jelly (D:4)
  2 orc priests
  A sleepcap (D:5)
  Terence (D:3)
  2 iguanas (D:6)
  5 orc wizards
  17 gnolls
  6 adders
  3 shadow imps
  2 ufetubi (D:7)
  A worm (D:4)
  A dart slug (D:2)
  20 orcs
  7 bats
  8 endoplasms
  6 giant cockroaches
  5 goblins
  4 hobgoblins
  3 quokkas
  7 ball pythons
  5 frilled lizards
  16 kobolds
  4 rats
181 creatures vanquished.

Vanquished Creatures (others)
  A komodo dragon (D:8)
  2 demonic plants (D:7)
  A fungus (D:8)
  15 plants
19 creatures vanquished.

Grand Total: 200 creatures vanquished

Notes
Turn   | Place    | Note
-------+----------+-------------------------------------------
     0 | D:1      | Maxmaps the Demonspawn Monk began the quest for the Orb.
     0 | D:1      | Reached XP level 1. HP: 18/18 MP: 1/1
   167 | D:1      | Gained mutation: You sometimes gain a little power by
                  | taking damage. [demonic ancestry]
   167 | D:1      | Reached XP level 2. HP: 20/24 MP: 2/2
   483 | D:1      | Reached skill level 1 in Armour
   900 | D:2      | Gained mutation: You sometimes gain power by taking damage.
                  | [demonic ancestry]
   900 | D:2      | Reached XP level 3. HP: 26/29 MP: 3/3
  1066 | D:2      | Reached skill level 2 in Armour
  1654 | D:3      | Found a shadowy altar of Dithmenos.
  1673 | D:3      | Gained mutation: You are partially covered in slimy green
                  | scales. (AC +2) [demonic ancestry]
  1673 | D:3      | Reached XP level 4. HP: 28/35 MP: 4/4
  1846 | D:3      | Noticed Terence
  1886 | D:3      | Killed Terence
  1887 | D:3      | Reached skill level 3 in Armour
  2009 | D:3      | Identified the +7 long sword of Fortitude {heavy, rF- rC+
                  | Str+3}
  2147 | D:3      | Noticed a scorpion
  2165 | D:3      | Killed a scorpion
  2166 | D:3      | Reached skill level 4 in Armour
  2166 | D:3      | Reached XP level 5. HP: 24/41 MP: 2/5
  2468 | D:3      | Reached skill level 5 in Armour
  2468 | D:3      | Reached XP level 6. HP: 44/47 MP: 4/6
  3167 | D:4      | Found a blossoming altar of Fedhas.
  3358 | D:5      | Entered Level 5 of the Dungeon
  3366 | D:5      | Reached skill level 6 in Armour
  3390 | D:5      | Found a staircase to the Ecumenical Temple.
  3396 | Temple   | Entered the Ecumenical Temple
  3475 | D:5      | Reached XP level 7. HP: 45/52 MP: 4/7
  3887 | D:5      | Found an opulent altar of Gozag.
  3888 | D:5      | Found a burning altar of Makhleb.
  3909 | D:5      | Found a hazy altar of Hepliaklqana.
  4102 | D:6      | Reached skill level 7 in Armour
  4407 | D:6      | Found Fakebem's Fire Supplies.
  4544 | D:6      | Reached skill level 8 in Armour
  4614 | D:6      | Gained mutation: You are mostly covered in slimy green
                  | scales. (AC +3) [demonic ancestry]
  4614 | D:6      | Reached XP level 8. HP: 36/58 MP: 5/8
  4792 | D:5      | Became a worshipper of Gozag Ym Sagoz the Greedy
  5375 | D:6      | Reached skill level 9 in Armour
  5508 | D:6      | Bought a +2 pair of boots of fire resistance for 279 gold
                  | pieces
  5955 | D:7      | Reached skill level 10 in Armour
  6019 | D:7      | Reached XP level 9. HP: 56/63 MP: 7/9
  6021 | D:7      | Noticed Joseph
  6199 | D:6      | Reached skill level 11 in Armour
  6325 | D:7      | Killed Joseph
  6690 | D:7      | Found a sacrificial altar of Ru.
  7183 | D:8      | Found a staircase to the Lair.
  7219 | D:8      | Noticed Erica
  7231 | D:8      | Reached skill level 12 in Armour
  7239 | D:8      | Killed Erica
  7399 | D:8      | Identified the +5 dagger of Inomoeza {heavy, MP+9 Stlth+}
  7618 | D:8      | Found a stormy altar of Qazlal.
  7651 | D:8      | Noticed an orange demon
  7653 | D:8      | Noticed Amaemon
  7917 | D:8      | Killed Amaemon
  7918 | D:8      | Reached skill level 13 in Armour
  7918 | D:8      | Reached XP level 10. HP: 70/70 MP: 10/10
  7923 | D:8      | Killed an orange demon
  8022 | D:8      | Noticed Prince Ribbit
  8024 | D:8      | Noticed a two-headed ogre
  8035 | D:8      | Killed a two-headed ogre
  8038 | D:8      | Killed Prince Ribbit
  8395 | D:8      | Found a broken altar of Ashenzari.
  8401 | D:8      | Noticed Psyche
  8406 | D:8      | Reached skill level 14 in Armour
  8413 | D:8      | Killed Psyche
  8600 | D:8      | Reached skill level 1 in Shields
  9040 | D:9      | Noticed Harold
  9056 | D:9      | Killed Harold
  9378 | D:9      | Noticed a boulder beetle
  9662 | D:9      | Found a staircase to the Orcish Mines.
  9711 | D:9      | Noticed a two-headed ogre
  9725 | D:9      | Slain by a two-headed ogre

Illustrated notes

Levels and vault maps discovered:
D:1:      minmay_arrival_jagged, layout_loops_ring, grunt_decor_mini_mirrors,
          hex_large, kennysheep_pointless_box
D:2:      layout_loops_ring
D:3:      layout_basic, nicolae_elyvilon_temple_path,
          grunt_dithmenos_smoke_and_mirrors, uniq_terence
D:4:      layout_rooms, lemuel_round_altar, amcnicky_altar_gilded,
          minmay_misc_feat_plants
D:5:      layout_loops_ring, nicolae_hepliaklqana_hazy_memory,
          nicolae_overflow_hidden_temple, temple_green
D:6:      layout_layer_cave, nicolae_shop_fire_sale [nicolae_sub_dead_trees],
          nicolae_concentric_dashed_squares_wild, small_statue_intersection
D:7:      layout_cave_pools, mainiacjoe_overflow_alcove_4, serial_demonic,
          serial_demonic_e, serial_demonic_c, serial_demonic_b,
          serial_demonic_f, uniq_joseph
D:8:      layout_loops_ring, ashenzari_altar_1, grunt_qazlal_clouds,
          dpeg_oklobed_lair, the_hattery, uniq_amaemon, uniq_erica, uniq_psyche,
          uniq_prince_ribbit1
D:9:      minmay_the_grid_square_5x5_4x4 [minmay_the_grid_square_5x5_inner_v,
          minmay_the_grid_square_5x5_meh, minmay_the_grid_square_5x5_v,
          minmay_the_grid_square_5x5_minibox,
          minmay_the_grid_square_5x5_almost_minimal,
          minmay_the_grid_square_5x5_prize_waves,
          minmay_the_grid_square_5x5_prize_pseudospiral,
          minmay_the_grid_square_5x5_sharp_hourglass,
          minmay_the_grid_square_5x5_c, minmay_the_grid_square_5x5_prize_open,
          minmay_the_grid_square_5x5_prize_open,
          minmay_the_grid_square_5x5_shrine2,
          minmay_the_grid_square_5x5_tri_point,
          minmay_the_grid_square_5x5_corner, minmay_the_grid_square_5x5_bite,
          minmay_the_grid_square_5x5_half_checkered], layout_basic, uniq_harold
Temple:   eino_wide_crystal_templ

Skill      XL: |  1  2  3  4  5  6  7  8  9 10 |
---------------+-------------------------------+-----
Unarmed Combat | 3 |  3.0
Dodging        | 3 |  3.0
Armour         | 1 2 4 5 6 8 10 13 14 | 14.2
Shields        | 4 |  4.2
Fighting       | |  3.9

Action                     |  1- 3 |  4- 6 |  7- 9 | 10-12 || total
---------------------------+-------+-------+-------+-------++-------
  Melee: Unarmed           |   163 |    67 |       |       ||   230
         Long sword        |       |    62 |   163 |   132 ||   357
         Punch             |       |       |     1 |     2 ||     3
 Invoke: Potion Petition   |       |       |     1 |       ||     1
  Evoke: Wand              |       |     8 |       |       ||     8
    Use: Potion            |       |       |     9 |     3 ||    12
         Scroll            |       |       |    18 |     3 ||    21
   Stab: Invisible         |       |       |     2 |     1 ||     3
 Armour: Robe              |     8 |       |       |       ||     8
         Plate armour      |   105 |   137 |   386 |   162 ||   790
  Dodge: Dodged            |    38 |    35 |   188 |    87 ||   348
  Block: Buckler           |       |       |       |    50 ||    50

Table legend: (Time is in decaauts)
 A = Elapsed time spent in this place.
 B = Non-inter-level travel time spent in this place.
 C = Inter-level travel time spent in this place.
 D = Time resting spent in this place.
 E = Time spent auto-exploring this place.
 F = Levels seen in this place.
 G = Mean time per level.
                   A        B        C        D        E       F      G
               +--------+--------+--------+--------+--------+-----+--------+
         Total |  10179 |   9750 |    429 |   2107 |   5518 |  10 | 1017.9 |
       Dungeon |  10120 |   9703 |    417 |   2107 |   5480 |   9 | 1124.4 |
        Temple |     58 |     46 |     12 |      0 |     38 |   1 |   58.0 |
               +--------+--------+--------+--------+--------+-----+--------+

Top non-repeatable levels by time:
     D:6: 2132 daAuts
     D:8: 2119 daAuts
     D:3: 1201 daAuts
     D:9: 976 daAuts
     D:1: 832 daAuts
     D:7: 793 daAuts
     D:2: 749 daAuts
     D:5: 696 daAuts
     D:4: 620 daAuts
  Temple: 58 daAuts
